SAA
SPRINGFIELD SHOOTERS @ YAKIMA HOPS
07/10/2024
 
TOP OF THE 1ST
Springfield Shooters batting - Pitching for Yakima Hops : LHP Mathieu Neri
Pitching: LHP Mathieu Neri
Batting: RHB David Abreu 0-0: Bunt for hit - play at first, batter OUT! 3-4
Batting: LHB Chris Etheridge 0-0: Ball
1-0: Ball
2-0: Ground out 4-3 (Groundball, 34)
Batting: RHB Roy Herring 0-0: Foul Ball, location: 2F
0-1: Foul Ball, location: 2F
0-2: Ball
1-2: Foul Ball, location: 2F
1-2: Ground out 4-3 (Groundball, 34)
Top of the 1st over - 0 run(s), 0 hit(s), 0 error(s), 0 left on base; Springfield 0 - Yakima 0
BOTTOM OF THE 1ST
Yakima Hops batting - Pitching for Springfield Shooters : RHP Jim Unknown
Pitching: RHP Jim Unknown
Batting: RHB Mariano Sánchez 0-0: Called Strike
0-1: Foul Ball, location: 2F
0-2: Ball
1-2: Ball
2-2: Ground out 6-3 (Groundball, 6M)
Batting: RHB Júlio Molina 0-0: Ball
1-0: Foul Ball, location: 2F
1-1: SINGLE (Flyball, 89S)
Batting: RHB José Vargas 0-0: Fly out, F7 (Flyball, 7M)
Batting: SHB Albert Sánchez 0-0: 2-RUN HOME RUN (Flyball, 9D), Distance : 361 ft
Batting: RHB Abraham Jacobs 0-0: Foul Ball, location: 2F
0-1: Ball
1-1: Called Strike
1-2: Foul Ball, location: 2F
1-2: Fly out, F9 (Line Drive, 9M)
Bottom of the 1st over - 2 run(s), 2 hit(s), 0 error(s), 0 left on base; Springfield 0 - Yakima 2
TOP OF THE 2ND
Springfield Shooters batting - Pitching for Yakima Hops : LHP Mathieu Neri
Batting: RHB Tripp Donahue 0-0: Ball
1-0: Called Strike
1-1: Ball
2-1: Ball
3-1: Foul Ball, location: 2F
3-2: Strikes out looking
Batting: RHB Frank Crocker 0-0: Called Strike
0-1: Called Strike
0-2: Ball
1-2: Strikes out swinging
Batting: SHB Eddie Ménard 0-0: Ball
1-0: Foul Ball, location: 2F
1-1: Called Strike
1-2: Ground out 6-3 (Groundball, 6)
Top of the 2nd over - 0 run(s), 0 hit(s), 0 error(s), 0 left on base; Springfield 0 - Yakima 2
BOTTOM OF THE 2ND
Yakima Hops batting - Pitching for Springfield Shooters : RHP Jim Unknown
Batting: RHB Ricardo Téllez 0-0: Ball
1-0: Ball
2-0: Ball
3-0: Called Strike
3-1: Ground out 5-3 (Groundball, 56)
Batting: LHB Bryce Reilly 0-0: Swinging Strike
0-1: Foul Ball, location: 2F
0-2: Foul Ball, location: 2F
0-2: Ball
1-2: Strikes out looking
Batting: RHB Edgar García 0-0: Ball
1-0: SOLO HOME RUN (Flyball, 78XD), Distance : 422 ft
Batting: RHB Vicente Rodríguez 0-0: Ball
1-0: Fly out, F9 (Flyball, 9LMF)
Bottom of the 2nd over - 1 run(s), 1 hit(s), 0 error(s), 0 left on base; Springfield 0 - Yakima 3
TOP OF THE 3RD
Springfield Shooters batting - Pitching for Yakima Hops : LHP Mathieu Neri
Batting: SHB Eugene Bentley 0-0: Ball
1-0: Called Strike
1-1: Ball
2-1: Foul Ball, location: 2F
2-2: Strikes out swinging
Batting: RHB Luis Mendoza 0-0: Swinging Strike
0-1: Ball
1-1: Ball
2-1: Called Strike
2-2: Foul Ball, location: 2F
2-2: Foul Ball, location: 2F
2-2: Foul Ball, location: 2F
2-2: Ball
3-2: Strikes out looking
Batting: RHB Javier De Jesús 0-0: Swinging Strike
0-1: DOUBLE (Line Drive, 7LD)
Batting: RHB David Abreu 0-0: Ball
1-0: Ground out 6-3 (Groundball, 6)
Top of the 3rd over - 0 run(s), 1 hit(s), 0 error(s), 1 left on base; Springfield 0 - Yakima 3
BOTTOM OF THE 3RD
Yakima Hops batting - Pitching for Springfield Shooters : RHP Jim Unknown
Batting: RHB Mariano Sánchez 0-0: Ball
1-0: Ground out 2-3 (Groundball, 2R)
Batting: RHB Júlio Molina 0-0: Ball
1-0: Ground out 5-3 (Groundball, 5)
Batting: RHB José Vargas 0-0: Ball
1-0: Ball
2-0: Called Strike
2-1: Ball
3-1: Foul Ball, location: 2F
3-2: Strikes out swinging
Bottom of the 3rd over - 0 run(s), 0 hit(s), 0 error(s), 0 left on base; Springfield 0 - Yakima 3
TOP OF THE 4TH
Springfield Shooters batting - Pitching for Yakima Hops : LHP Mathieu Neri
Batting: LHB Chris Etheridge 0-0: Ball
1-0: Fly out, F3 (Popup, 3SF)
Batting: RHB Roy Herring 0-0: Ball
1-0: Ball
2-0: Called Strike
2-1: Called Strike
2-2: Ball
3-2: Ground out 4-3 (Groundball, 34)
Batting: RHB Tripp Donahue 0-0: Ground out 6-3 (Groundball, 6)
Top of the 4th over - 0 run(s), 0 hit(s), 0 error(s), 0 left on base; Springfield 0 - Yakima 3
BOTTOM OF THE 4TH
Yakima Hops batting - Pitching for Springfield Shooters : RHP Jim Unknown
Batting: SHB Albert Sánchez 0-0: Foul Ball, location: 2F
0-1: Ball
1-1: Ball
2-1: SINGLE (Line Drive, 8LS)
Batting: RHB Abraham Jacobs 0-0: Called Strike
0-1: Ball
1-1: Fly out, F8 (Flyball, 8LD)
Batting: RHB Ricardo Téllez 0-0: Foul Ball, location: 2F
0-1: SINGLE (Line Drive, 6MD)
Albert Sánchez to second
Batting: LHB Bryce Reilly 0-0: Ball
1-0: Ball
2-0: SINGLE (Line Drive, 8LS)
Albert Sánchez to third
Ricardo Téllez to second
Batting: RHB Edgar García 0-0: Ball
1-0: Ball
2-0: Ball
3-0: Base on Balls
Albert Sánchez scores
Ricardo Téllez to third
Bryce Reilly to second
Batting: RHB Vicente Rodríguez 0-0: Grounds into double play, 4-6-3 (Groundball, 4)
Bottom of the 4th over - 1 run(s), 3 hit(s), 0 error(s), 2 left on base; Springfield 0 - Yakima 4
TOP OF THE 5TH
Springfield Shooters batting - Pitching for Yakima Hops : LHP Mathieu Neri
Batting: RHB Frank Crocker 0-0: Called Strike
0-1: Ball
1-1: Ball
2-1: Called Strike
2-2: Foul Ball, location: 2F
2-2: Foul Ball, location: 2F
2-2: Fly out, F9 (Flyball, 89M)
Batting: SHB Eddie Ménard 0-0: Foul Ball, location: 2F
0-1: Ball
1-1: Foul Ball, location: 2F
1-2: SINGLE (Line Drive, 9S)
Batting: SHB Eugene Bentley 0-0: Swinging Strike
0-1: Ball
1-1: Ball
2-1: Called Strike
Eddie Ménard is caught stealing 2nd base
2-2: Foul Ball, location: 2F
2-2: Foul Ball, location: 2F
2-2: Ball
3-2: Base on Balls
Batting: RHB Luis Mendoza 0-0: Ball
1-0: SINGLE (Groundball, 56D)
Eugene Bentley to second
Batting: RHB Javier De Jesús 0-0: Called Strike
0-1: Foul Ball, location: 2F
0-2: Fly out, F9 (Flyball, 89M)
Top of the 5th over - 0 run(s), 2 hit(s), 0 error(s), 2 left on base; Springfield 0 - Yakima 4
BOTTOM OF THE 5TH
Yakima Hops batting - Pitching for Springfield Shooters : RHP Jim Unknown
Batting: RHB Mariano Sánchez 0-0: Foul Ball, location: 2F
0-1: Ball
1-1: Called Strike
1-2: Ground out 1-3 (Groundball, 13)
Batting: RHB Júlio Molina 0-0: Ball
1-0: Ball
2-0: Called Strike
2-1: DOUBLE (Flyball, 8LXD)
Batting: RHB José Vargas 0-0: Called Strike
0-1: Called Strike
0-2: Foul Ball, location: 2F
0-2: Strikes out looking
Batting: SHB Albert Sánchez 0-0: Called Strike
0-1: Ball
1-1: Foul Ball, location: 2F
1-2: Ball
2-2: Foul Ball, location: 2F
2-2: Foul Ball, location: 2F
2-2: Foul Ball, location: 2F
2-2: Ground out 4-3 (Groundball, 4)
Bottom of the 5th over - 0 run(s), 1 hit(s), 0 error(s), 1 left on base; Springfield 0 - Yakima 4
TOP OF THE 6TH
Springfield Shooters batting - Pitching for Yakima Hops : LHP Mathieu Neri
Batting: RHB David Abreu 0-0: Ball
1-0: Bunt for hit - play at first, batter OUT! 4-3
Batting: LHB Chris Etheridge 0-0: Ball
1-0: Called Strike
1-1: Ball
2-1: Ball
3-1: Foul Ball, location: 2F
3-2: Ground out 1-3 (Groundball, 15)
Batting: RHB Roy Herring 0-0: Called Strike
0-1: Called Strike
0-2: Ball
1-2: Foul Ball, location: 2F
1-2: SINGLE (Line Drive, 9S)
Batting: RHB Tripp Donahue 0-0: Called Strike
0-1: Ball
1-1: Ball
2-1: Foul Ball, location: 2F
2-2: Foul Ball, location: 2F
2-2: Fielders Choice at 2nd, U6 (Groundball, 6M)
Top of the 6th over - 0 run(s), 1 hit(s), 0 error(s), 1 left on base; Springfield 0 - Yakima 4
BOTTOM OF THE 6TH
Yakima Hops batting - Pitching for Springfield Shooters : RHP Jim Unknown
Batting: RHB Abraham Jacobs 0-0: Called Strike
0-1: Called Strike
0-2: Strikes out swinging
Batting: RHB Ricardo Téllez 0-0: Foul Ball, location: 2F
0-1: Fly out, F6 (Popup, 6D)
Batting: LHB Bryce Reilly 0-0: Called Strike
0-1: Foul Ball, location: 2F
0-2: Ball
1-2: Ball
2-2: Strikes out looking
Bottom of the 6th over - 0 run(s), 0 hit(s), 0 error(s), 0 left on base; Springfield 0 - Yakima 4
TOP OF THE 7TH
Springfield Shooters batting - Pitching for Yakima Hops : LHP Mathieu Neri
Batting: RHB Frank Crocker 0-0: Ball
1-0: SINGLE (Line Drive, 4MD)
Batting: SHB Eddie Ménard 0-0: Called Strike
0-1: Foul Ball, location: 2F
0-2: Ball
1-2: Ball
2-2: Foul Ball, location: 2F
2-2: Fly out, F9 (Flyball, 89M)
Pitching: RHP Sean Sanford
Batting: SHB Eugene Bentley 0-0: Called Strike
0-1: Ball
1-1: Ball
2-1: Fly out, F7 (Flyball, 7S)
Batting: RHB Luis Mendoza 0-0: Fly out, F5 (Line Drive, 56)
Top of the 7th over - 0 run(s), 1 hit(s), 0 error(s), 1 left on base; Springfield 0 - Yakima 4
BOTTOM OF THE 7TH
Yakima Hops batting - Pitching for Springfield Shooters : RHP Jim Unknown
Batting: RHB Edgar García 0-0: Ball
1-0: Foul Ball, location: 2F
1-1: Ball
2-1: Swinging Strike
2-2: Ball
3-2: Base on Balls
Batting: RHB Vicente Rodríguez 0-0: Ball
1-0: Bunted foul
1-1: Bunted foul
1-2: Strikes out swinging
Batting: RHB Mariano Sánchez 0-0: Ball
1-0: Ball
2-0: Foul Ball, location: 2F
2-1: Ball
3-1: Foul Ball, location: 2F
3-2: Foul Ball, location: 2F
3-2: Foul Ball, location: 2F
3-2: Grounds into double play, 5-4-3 (Groundball, 5L)
Bottom of the 7th over - 0 run(s), 0 hit(s), 0 error(s), 0 left on base; Springfield 0 - Yakima 4
TOP OF THE 8TH
Springfield Shooters batting - Pitching for Yakima Hops : RHP Sean Sanford
Batting: RHB Javier De Jesús 0-0: Fly out, F8 (Flyball, 8LXD)
Batting: RHB David Abreu 0-0: Foul Ball, location: 2F
0-1: Hit by Pitch
Batting: LHB Chris Etheridge 0-0: Ball
Wild Pitch!
David Abreu to second
1-0: Called Strike
1-1: SINGLE (Groundball, 34D)
David Abreu to third
Runner from 3rd tries for Home, SAFE, no throw or cutoff
Batting: RHB Roy Herring 0-0: Called Strike
0-1: Foul Ball, location: 2F
0-2: 2-RUN HOME RUN (Flyball, 7LD), Distance : 364 ft
Pitching: LHP Jim Unknown
Batting: RHB Tripp Donahue 0-0: Called Strike
0-1: Ball
1-1: SOLO HOME RUN (Flyball, 78XD), Distance : 430 ft
Batting: RHB Frank Crocker 0-0: Fly out, F9 (Flyball, 89M)
Batting: SHB Eddie Ménard 0-0: Called Strike
0-1: Swinging Strike
0-2: Ball
1-2: Ball
2-2: Ball
3-2: Foul Ball, location: 2F
3-2: Base on Balls
Batting: SHB Eugene Bentley 0-0: Ball
1-0: Swinging Strike
1-1: Ball
2-1: Called Strike
2-2: Strikes out swinging
Top of the 8th over - 4 run(s), 3 hit(s), 0 error(s), 1 left on base; Springfield 4 - Yakima 4
BOTTOM OF THE 8TH
Yakima Hops batting - Pitching for Springfield Shooters : RHP Jim Unknown
Batting: RHB Júlio Molina 0-0: Called Strike
0-1: Ball
1-1: Called Strike
1-2: Foul Ball, location: 2F
1-2: Strikes out swinging
Batting: RHB José Vargas Single, Error in OF, E7, batter to second base
Batting: SHB Albert Sánchez 0-0: Intentional Walk
Pinch Hitting: LHB Miguel Juárez 0-0: Swinging Strike
0-1: Ground out 3-1 (Groundball, 34)
José Vargas to third
Albert Sánchez to second
Pitching: RHP Jim Unknown
Pinch Hitting: LHB Chad Graves 0-0: Ball
1-0: Fly out, F9 (Line Drive, 9M)
Bottom of the 8th over - 0 run(s), 1 hit(s), 1 error(s), 2 left on base; Springfield 4 - Yakima 4
TOP OF THE 9TH
Springfield Shooters batting - Pitching for Yakima Hops : LHP Jim Unknown
Now at 3B: Chad Graves
Now in LF: Miguel Juárez
Batting: RHB Luis Mendoza 0-0: Foul Ball, location: 2F
0-1: Ball
1-1: Fly out, F7 (Line Drive, 7D)
Batting: RHB Javier De Jesús 0-0: Ball
1-0: Ball
2-0: Foul Ball, location: 2F
2-1: Foul Ball, location: 2F
2-2: Fly out, F2 (Popup, 25F)
Pinch Hitting: RHB Randy Galloway 0-0: Ground out 6-3 (Groundball, 6M)
Top of the 9th over - 0 run(s), 0 hit(s), 0 error(s), 0 left on base; Springfield 4 - Yakima 4
BOTTOM OF THE 9TH
Yakima Hops batting - Pitching for Springfield Shooters : RHP Jim Unknown
Now at 1B: Randy Galloway
Batting: LHB Bryce Reilly 0-0: Ball
1-0: Called Strike
1-1: Called Strike
1-2: Strikes out swinging
Batting: RHB Edgar García 0-0: Ball
1-0: Ball
2-0: Called Strike
2-1: Foul Ball, location: 2F
2-2: Ball
3-2: Foul Ball, location: 2F
3-2: SINGLE (Line Drive, 89S)
Batting: RHB Vicente Rodríguez 0-0: Swinging Strike
0-1: Ball
1-1: Ball
2-1: Swinging Strike
2-2: Strikes out swinging
Batting: RHB Mariano Sánchez 0-0: Ball
1-0: Called Strike
1-1: Foul Ball, location: 2F
1-2: Foul Ball, location: 2F
1-2: Ball
Edgar García steals 2nd base
2-2: Foul Ball, location: 2F
2-2: Foul Ball, location: 2F
2-2: Ball
3-2: Foul Ball, location: 2F
3-2: Strikes out swinging
Bottom of the 9th over - 0 run(s), 1 hit(s), 0 error(s), 1 left on base; Springfield 4 - Yakima 4
TOP OF THE 10TH
Springfield Shooters batting - Pitching for Yakima Hops : LHP Jim Unknown
Pinch Hitting: RHB Bennett Bates 0-0: Ball
1-0: Ball
2-0: Ground out 3-1 (Groundball, 34S)
Pitching: LHP Finn Wuilink
Batting: RHB Roy Herring 0-0: Called Strike
0-1: Called Strike
0-2: Foul Ball, location: 2F
0-2: Ball
1-2: Ball
2-2: Ball
3-2: Base on Balls
Batting: RHB Tripp Donahue 0-0: Ball
1-0: Fly out, F1 (Line Drive, 13)
Batting: RHB Frank Crocker 0-0: Called Strike
0-1: Ball
1-1: Ball
2-1: Foul Ball, location: 2F
2-2: Strikes out looking
Top of the 10th over - 0 run(s), 0 hit(s), 0 error(s), 1 left on base; Springfield 4 - Yakima 4
BOTTOM OF THE 10TH
Yakima Hops batting - Pitching for Springfield Shooters : RHP Jim Unknown
Now at SS: José Canó
Batting: RHB Júlio Molina 0-0: Ball
1-0: Ground out 1-3 (Groundball, 13)
Batting: RHB José Vargas 0-0: Ball
1-0: Fly out, F3 (Popup, 3SF)
Batting: SHB Albert Sánchez 0-0: Swinging Strike
0-1: Foul Ball, location: 2F
0-2: Ball
1-2: Ball
2-2: Strikes out swinging
Bottom of the 10th over - 0 run(s), 0 hit(s), 0 error(s), 0 left on base; Springfield 4 - Yakima 4
TOP OF THE 11TH
Springfield Shooters batting - Pitching for Yakima Hops : LHP Finn Wuilink
Pinch Hitting: RHB Jim Unknown 0-0: Ball
1-0: Swinging Strike
1-1: Ball
2-1: Fly out, F4 (Line Drive, 4)
Batting: SHB Eugene Bentley 0-0: Ball
1-0: Foul Ball, location: 2F
1-1: Called Strike
1-2: Ground out 1-3 (Groundball, 25)
Batting: RHB Luis Mendoza 0-0: Ball
1-0: Swinging Strike
1-1: Called Strike
1-2: DOUBLE (Line Drive, 7D)
Batting: RHB Javier De Jesús 0-0: Fly out, F9 (Popup, 9S)
Top of the 11th over - 0 run(s), 1 hit(s), 0 error(s), 1 left on base; Springfield 4 - Yakima 4
BOTTOM OF THE 11TH
Yakima Hops batting - Pitching for Springfield Shooters : RHP Jim Unknown
Now in RF: Jim Unknown
Batting: LHB Miguel Juárez 0-0: Ball
1-0: Fly out, F9 (Line Drive, 89M)
Batting: LHB Chad Graves 0-0: Ball
1-0: Ground out 6-3 (Groundball, 6)
Batting: LHB Bryce Reilly 0-0: Called Strike
0-1: Fly out, F9 (Flyball, 9M)
Bottom of the 11th over - 0 run(s), 0 hit(s), 0 error(s), 0 left on base; Springfield 4 - Yakima 4
TOP OF THE 12TH
Springfield Shooters batting - Pitching for Yakima Hops : LHP Finn Wuilink
Batting: RHB Randy Galloway 0-0: Foul Ball, location: 2F
0-1: Foul Ball, location: 2F
0-2: Strikes out swinging
Pitching: LHP Gerardo García
Pinch Hitting: RHB Ricardo Baraja 0-0: Called Strike
0-1: Ball
1-1: Foul Ball, location: 2F
1-2: Foul Ball, location: 2F
1-2: Fly out, F8 (Flyball, 78M)
Batting: RHB Roy Herring 0-0: Ball
1-0: Ball
2-0: Called Strike
2-1: Ball
3-1: Fly out, F5 (Popup, 5F)
Top of the 12th over - 0 run(s), 0 hit(s), 0 error(s), 0 left on base; Springfield 4 - Yakima 4
BOTTOM OF THE 12TH
Yakima Hops batting - Pitching for Springfield Shooters : RHP Jim Unknown
Now at SS: Albert Santos
Batting: RHB Edgar García 0-0: Called Strike
0-1: Fly out, F9 (Flyball, 9M)
Batting: RHB Vicente Rodríguez 0-0: Ball
1-0: Foul Ball, location: 2F
1-1: Ball
2-1: Ground out 5-3 (Groundball, 5)
Pitching: RHP Jim Unknown
Batting: RHB Mariano Sánchez 0-0: Ball
1-0: Ball
2-0: Called Strike
2-1: Foul Ball, location: 2F
2-2: Ball
3-2: Base on Balls
Batting: RHB Júlio Molina 0-0: Foul Ball, location: 2F
0-1: Called Strike
0-2: Ball
1-2: Ball
Mariano Sánchez is caught stealing 2nd base
Bottom of the 12th over - 0 run(s), 0 hit(s), 0 error(s), 0 left on base; Springfield 4 - Yakima 4
TOP OF THE 13TH
Springfield Shooters batting - Pitching for Yakima Hops : LHP Gerardo García
Batting: RHB Tripp Donahue 0-0: Ball
1-0: Foul Ball, location: 2F
1-1: Ball
2-1: Ball
3-1: Fly out, F7 (Popup, 6D)
Batting: RHB Frank Crocker 0-0: Ground out 6-3 (Groundball, 6)
Batting: RHB Jim Unknown 0-0: Called Strike
0-1: Called Strike
0-2: Fly out, F6 (Popup, 6MD)
Top of the 13th over - 0 run(s), 0 hit(s), 0 error(s), 0 left on base; Springfield 4 - Yakima 4
BOTTOM OF THE 13TH
Yakima Hops batting - Pitching for Springfield Shooters : RHP Jim Unknown
Batting: RHB Júlio Molina 0-0: Called Strike
0-1: Ball
1-1: Swinging Strike
1-2: Ball
2-2: Foul Ball, location: 2F
2-2: Ground out 5-3 (Groundball, 5L)
Batting: RHB José Vargas 0-0: Foul Ball, location: 2F
0-1: SOLO HOME RUN (Flyball, 78XD), Distance : 421 ft
This league is powered by Out of the Park Baseball, the baseball management simulation game for PC, Mac and Linux
Monday, October 3rd, 2016 - OOTP Baseball 16.9 Build 39